 Dungeon Crawl Stone Soup version 0.20.0-10-g0535bb4 (webtiles) character file.

5190 grindst0ne the Protected (level 10, -2/64 HPs)
             Began as a Gargoyle Fighter on June 7, 2017.
             Was an Elder of Okawaru.
             Slain by a komodo dragon (12 damage)
             ... on level 8 of the Dungeon.
             The game lasted 00:16:51 (10638 turns).

grindst0ne the Protected (Gargoyle Fighter)        Turns: 10638, Time: 00:16:51

Health: -2/64      AC: 27    Str: 20      XL:     10   Next: 60%
Magic:  10/10      EV:  4    Int:  9      God:    Okawaru [****..]
Gold:   312        SH:  9    Dex: 10 (12) Spells: 9/9 levels left

rFire    . . .     SeeInvis .   a - +0 war axe
rCold    . . .     Gourm    .   c - +0 shield
rNeg     + . .     Faith    .   q - +0 plate armour
rPois    ∞         Spirit   .   (no helmet)
rElec    +         Reflect  .   (no cloak)
rCorr    .         Harm     .   d - +0 pair of gloves
MR       .....                  (no boots)
Stlth    ..........             (no amulet)
Regen    0.2/turn               u - ring of stealth
MPRegen  0.2/turn               F - +3 ring of protection

@: no status effects
A: negative energy resistance 1, electricity resistance, unbreathing,
petrification resistance, rot immunity, AC +7
a: Heroism, Renounce Religion


You were on level 8 of the Dungeon.
You worshipped Okawaru.
Okawaru was greatly pleased with you.
You were hungry.

You visited 2 branches of the dungeon, and saw 9 of its levels.

You collected 312 gold pieces.

Inventory:

Hand Weapons
 a - a +0 war axe (weapon)
Missiles
 I - a throwing net (quivered)
Armour
 b - a +0 scale mail
 c - a +0 shield (worn)
 d - a +0 pair of gloves (worn)
 q - a +0 plate armour (worn)
Jewellery
 r - an uncursed ring of protection from magic
 u - a ring of stealth (left hand)
 F - a +3 ring of protection (right hand)
 G - an uncursed ring of stealth
Wands
 y - a wand of iceblast (3/15)
 C - a wand of disintegration (10/24)
 D - a wand of flame (21/48)
 K - a wand of confusion (15/48)
 L - a wand of clouds (4/9)
Scrolls
 e - 4 scrolls of immolation {unknown}
 g - 4 scrolls of identify {unknown}
 h - 5 scrolls of remove curse {unknown}
 i - 4 scrolls of recharging {unknown}
 k - 3 scrolls of enchant weapon {unknown}
 l - 2 scrolls of magic mapping {unknown}
 m - 2 scrolls of amnesia {unknown}
 x - 4 scrolls of enchant armour {unknown}
 A - a scroll of summoning {unknown}
 H - a scroll of noise {unknown}
 M - a scroll of teleportation {unknown}
Potions
 j - 2 potions of haste
 o - 2 potions of curing {unknown}
 p - 3 potions of mutation {unknown}
 s - 2 potions of flight {unknown}
 t - 2 potions of invisibility {unknown}
 w - 5 potions of heal wounds {unknown}
 B - a potion of might
 E - 2 potions of degeneration {unknown}
 J - 3 potions of ambrosia {unknown}
 N - a potion of cancellation {unknown}
 O - a potion of brilliance {unknown}
Comestibles
 f - 8 bread rations
 n - 3 royal jellies
 v - 3 fruits
 z - 2 meat rations
 P - 3 chunks of flesh


   Skills:
 - Level 8.0 Fighting
 + Level 8.1 Axes
 - Level 12.1 Armour
 - Level 3.2 Shields


You had 9 spell levels left.
You didn't know any spells.

Dungeon Overview and Level Annotations

Branches:
Dungeon (8/15)             Temple (1/1) D:4            Lair (0/6) D:8

Altars:
Ashenzari
Cheibriados
Dithmenos
Elyvilon
Fedhas
Gozag
Hepliaklqana
Kikubaaqudgha
Makhleb
Nemelex Xobeh
Okawaru
Qazlal
Ru
Sif Muna
Trog
Uskayaw
Vehumet
Xom
Yredelemnul
Zin
The Shining One


Innate Abilities, Weirdness & Mutations

You are resistant to torment.
Your stone body is resilient. (AC +7)
You are immune to poison.
You resist negative energy. (rN+)
You are resistant to electric shocks. (rElec)
You can survive without breathing.
You are immune to petrification.
You are immune to rotting.


Message History

The orc warrior is severely wounded.
You hit the orc priest.
The orc warrior hits you but does no damage.
The orc priest hits you but does no damage.
You hit the orc warrior but do no damage.
The orc warrior is severely wounded.
You slash the orc priest!
You kill the orc priest!
Okawaru accepts your kill.
The orc warrior hits you but does no damage.
You hit the orc warrior but do no damage.
The orc warrior is severely wounded.
You slash the komodo dragon! The orc warrior barely misses you.
The komodo dragon bites you.
* * * LOW HITPOINT WARNING * * *
Your plate armour prevents you from hitting the orc warrior.
The orc warrior is severely wounded.
Your shield and plate armour prevent you from hitting the komodo dragon.
The komodo dragon bites you!
You die...

#...............<
#................
#................
#................
#................
#......†.........
#................
#######......÷.:.......
#.oooo@......(.........
#.#####l...............
#...!.####........
#.?.P.....##........
#......PPP.P#########
..$..P.P.PPPP#
.....PPP...PP#
#.P.PPPP.>.PP#


PPPPPPP..PP# You could see a komodo dragon, an orc warrior, an orc priest and 2
orcs.

Vanquished Creatures
  Pikel (D:7)
  The ghost of Bareth the Slasher, an amateur HOFi of Beogh (D:3)
  Grinder (D:3)
  Sigmund (D:6)
  Eustachio (D:5)
  A yak (D:5)
  A wyvern (D:8)
  Menkaure (D:4)
  Edmund (D:6)
  2 water moccasins
  Duvessa (D:5)
  3 orc warriors
  2 ice beasts
  3 slaves (D:7)
  A sky beast (D:7)
  3 centaurs
  4 phantoms
  4 ogres
  A big kobold (D:6)
  3 bullfrogs
  Dowan (D:5)
  4 wights (D:7)
  A crimson imp (D:5)
  A bullfrog zombie (D:7)
  A centaur zombie (D:5)
  A quasit (D:8)
  6 hounds
  A jelly (D:5)
  2 bullfrog skeletons
  3 centaur skeletons
  4 orc priests
  5 orc wizards
  2 iguanas
  3 worker ants
  4 hound skeletons
  A howler monkey skeleton (D:5)
  9 adders
  10 gnolls
  2 shadow imps
  An ooze (D:2)
  2 adder skeletons (D:4)
  2 adder zombies (D:6)
  2 worms (D:3)
  7 dart slugs
  5 leopard geckos
  30 orcs
  A ball python (D:4)
  6 giant cockroaches
  7 goblins
  6 hobgoblins
  8 jackals
  4 quokkas
  5 bats
  10 frilled lizards
  16 kobolds
  11 rats
220 creatures vanquished.

Vanquished Creatures (others)
  A slave (D:7)
  A plant (D:8)
2 creatures vanquished.

Grand Total: 222 creatures vanquished

Notes
Turn   | Place    | Note
-------+----------+-------------------------------------------
     0 | D:1      | grindst0ne the Gargoyle Fighter began the quest for the Orb.
     0 | D:1      | Reached XP level 1. HP: 14/14 MP: 1/1
   195 | D:1      | Reached XP level 2. HP: 11/20 MP: 2/2
   667 | D:1      | Reached XP level 3. HP: 24/24 MP: 3/3
  1033 | D:2      | Reached skill level 5 in Fighting
  1105 | D:2      | Reached XP level 4. HP: 28/31 MP: 4/4
  1555 | D:3      | Noticed Grinder
  1562 | D:3      | Killed Grinder
  1562 | D:3      | Reached XP level 5. HP: 27/38 MP: 5/5
  1562 | D:3      | Reached XP level 6. HP: 31/44 MP: 6/6
  1621 | D:3      | Noticed Bareth's ghost (amateur HOFi)
  1940 | D:3      | HP: 2/44 [Bareth's ghost (6)]
  4083 | D:3      | Killed Bareth's ghost
  4083 | D:3      | Reached skill level 5 in Armour
  4083 | D:3      | Reached XP level 7. HP: 14/49 MP: 7/7
  4666 | D:4      | Noticed Menkaure
  4667 | D:4      | Found a staircase to the Ecumenical Temple.
  4675 | D:4      | Killed Menkaure
  4675 | D:4      | Reached skill level 6 in Armour
  4690 | Temple   | Entered the Ecumenical Temple
  4799 | Temple   | Became a worshipper of Warmaster Okawaru
  4948 | D:4      | You fall through a shaft for 3 floors!
  4974 | D:7      | Reached skill level 7 in Armour
  4974 | D:7      | Reached XP level 8. HP: 40/54 MP: 8/8
  5502 | D:7      | Reached * piety under Okawaru
  5502 | D:7      | Reached skill level 8 in Armour
  5751 | D:6      | Reached skill level 9 in Armour
  6492 | D:6      | Reached skill level 10 in Armour
  6613 | D:5      | Entered Level 5 of the Dungeon
  6620 | D:5      | Reached XP level 9. HP: 54/59 MP: 9/9
  6751 | D:5      | Noticed Eustachio
  6810 | D:5      | Killed Eustachio
  6934 | D:5      | Reached ** piety under Okawaru
  6982 | D:5      | Reached skill level 11 in Armour
  7323 | D:5      | Noticed Duvessa
  7323 | D:5      | Noticed Dowan
  7340 | D:5      | Killed Dowan
  7346 | D:5      | Killed Duvessa
  7798 | D:5      | Reached skill level 12 in Armour
  8443 | D:6      | Noticed Edmund
  8457 | D:6      | Killed Edmund
  8457 | D:6      | Reached *** piety under Okawaru
  8643 | D:6      | Noticed Sigmund
  8667 | D:6      | Killed Sigmund
  8667 | D:6      | Reached XP level 10. HP: 60/64 MP: 10/10
  8886 | D:6      | Reached skill level 5 in Axes
  9305 | D:7      | Noticed Pikel
  9346 | D:7      | Killed Pikel
 10622 | D:8      | Found a staircase to the Lair.
 10636 | D:8      | Reached **** piety under Okawaru
 10638 | D:8      | Slain by a komodo dragon

Skill      XL: |  1  2  3  4  5  6  7  8  9 10 |
---------------+-------------------------------+-----
Fighting       | 4 5 7 8 |  8.0
Armour         | 5 7 10 12 | 12.1
Axes           | 4 8 |  8.1
Shields        | |  3.2

Action                   |  1- 3 |  4- 6 |  7- 9 | 10-12 || total
-------------------------+-------+-------+-------+-------++-------
Melee: War axe           |   120 |   271 |   634 |   286 ||  1311
Invok: Heroism           |       |       |     1 |       ||     1
Evoke: Wand              |       |       |     3 |       ||     3
  Use: Potion            |       |     2 |     2 |       ||     4
  Eat: Chunk             |     1 |     9 |    17 |     7 ||    34
Armor: Scale mail        |    59 |       |       |       ||    59
       Plate armour      |     7 |   195 |   591 |   317 ||  1110
       Skin              |       |       |    65 |       ||    65
Dodge: Dodged            |    39 |    37 |   131 |    55 ||   262
Block: Shield            |    69 |   154 |   403 |   157 ||   783
